 Dungeon Crawl Stone Soup version 0.29.1-15-g9cfb28693d (webtiles) character file.

Game seed: 1481201405743657345

135 DemonSlayer the Digger (level 4, -2/30 HPs)
             Began as a Demonspawn Earth Elementalist on Mar 2, 2023.
             Slain by a worm (9 damage)
             ... on level 3 of the Dungeon.
             The game lasted 00:03:51 (2362 turns).

DemonSlayer the Digger (DsEE)                       Turns: 2362, Time: 00:03:53

Health: -2/30      AC:  2    Str: 10    XL:     4   Next: 97%
Magic:  0/9        EV: 12    Int: 17    God:
Gold:   124        SH:  0    Dex: 15    Spells: 4/10 levels left

rFire   . . .      SeeInvis .   j - +0 dagger (drain)
rCold   . . .      Faith    .   (no shield)
rNeg    . . .      Spirit   .   a - +0 robe
rPois   .          Reflect  .   (no helmet)
rElec   .          Harm     .   (no cloak)
rCorr   .          Rampage  .   (no gloves)
Will    .....                   (no boots)
Stlth   +++.......              (no amulet)
HPRegen 0.10/turn               (no ring)
MPRegen 0.11/turn               (no ring)

@: no status effects
A: thin skeletal structure 1, powered by pain 1
a: no special abilities


You were on level 3 of the Dungeon.
You visited 1 branch of the dungeon, and saw 3 of its levels.

You collected 124 gold pieces.

Inventory:

Hand Weapons
 j - a +0 dagger of draining (weapon)
Armour
 a - a +0 robe (worn)
Scrolls
 c - a scroll of identify {unknown}
 d - a scroll of fear {unknown}
 h - a scroll of amnesia {unknown}
 i - a scroll of immolation {unknown}
Potions
 b - 3 potions of heal wounds {unknown}
 e - a potion of haste {unknown}
 f - a potion of curing {unknown}
 g - a potion of degeneration {unknown}


   Skills:
 + Level 1.9 Dodging
 + Level 2.3 Stealth
 + Level 3.5 Spellcasting
 + Level 0.8 Transmutations
 + Level 3.9 Earth Magic


You had 4 spell levels left.
You knew the following spells:

 Your Spells              Type           Power      Damage    Failure   Level
a - Sandblast             Erth           32%        2d9       3%          1
b - Passwall              Tmut/Erth      9%         N/A       10%         2
c - Stone Arrow           Conj/Erth      18%        3d8       22%         3

Your spell library contained the following spells:

 Spells                   Type           Power      Damage    Failure   Level
 Ignite Poison            Fire/Tmut/Pois 3%         N/A       41%         3
 Conjure Flame            Conj/Fire      2%         6-21      45%         3
 Petrify                  Tmut/Erth      11%        N/A       52%         4
 Sticky Flame             Conj/Fire      2%         2d3       86%         4


Dungeon Overview and Level Annotations

Branches:
Dungeon (3/15)

Altars:
Dithmenos

Annotations:
D:2 1 runed translucent door, Crazy Yiuf
D:3 Ijyb


Innate Abilities, Weirdness & Mutations

You have a somewhat thin skeletal structure. (Dex +2, Stealth+)
You sometimes gain a little power by taking damage.


Message History

The blast of sand hits Ijyb but does no damage.
Ijyb is moderately wounded.
Ijyb hits you with a +0 club.
A worm comes into view.
Ijyb hits you with a +0 club.
The blast of sand hits Ijyb.
Ijyb is heavily wounded.
Ijyb hits you with a +0 club.
The blast of sand hits Ijyb but does no damage.
Ijyb is heavily wounded.
Ijyb hits you but does no damage. Ijyb barely misses you.
The blast of sand hits Ijyb.
Ijyb is heavily wounded.
Ijyb hits you with a +0 club.
Casting: Sandblast (safe; 3% risk of failure)
Confirm with . or Enter, or press ? or * to list all spells.
Aiming: Sandblast (safe; 3% risk of failure)
Press: ? - help, Shift-Dir - straight line, f/p - Ijyb
Aim: Ijyb, wielding a +0 club, wearing a +0 leather armour and carrying a wand of charming (14) (heavily wounded, 77% to hit)
The blast of sand hits Ijyb!
Ijyb is severely wounded.
Ijyb closely misses you. Ijyb misses you.
Casting: Sandblast (safe; 3% risk of failure)
Confirm with . or Enter, or press ? or * to list all spells.
Aiming: Sandblast (safe; 3% risk of failure)
Press: ? - help, Shift-Dir - straight line, f/p - Ijyb
Aim: Ijyb, wielding a +0 club, wearing a +0 leather armour and carrying a wand of charming (14) (severely wounded, 77% to hit)
The blast of sand hits Ijyb.
Ijyb is almost dead.
Ijyb hits you with a +0 club.
* * * LOW HITPOINT WARNING * * *
Casting: Sandblast (safe; 3% risk of failure)
Confirm with . or Enter, or press ? or * to list all spells.
Aiming: Sandblast (safe; 3% risk of failure)
Press: ? - help, Shift-Dir - straight line, f/p - Ijyb
Aim: Ijyb, wielding a +0 club, wearing a +0 leather armour and carrying a wand of charming (14) (almost dead, 77% to hit)
The blast of sand hits Ijyb but does no damage.
Ijyb is almost dead.
Ijyb misses you. The worm bites you!
You die...

########### #.......$..
#.......... #....... ..........
#...... ......... ......#
##gw...... .....># #.@# ......#
#.##### ......# #.....####.
......### ###..........#.##
........#####.......####....# .
......#..........#..####....####.
#.##########..##.......)....##..
#.# #.######..###.....#.# #.#
###.##.....<..........##


You could see Ijyb and a worm.

Vanquished Creatures
  An orc priest (D:3)
  An orc wizard (D:3)
  2 adders (D:2)
  A dart slug (D:1)
  3 worms (D:2)
  2 orcs (D:3)
  7 bats
  4 endoplasms
  3 giant cockroaches
  2 goblins (D:2)
  4 hobgoblins
  3 jackals (D:3)
  4 kobolds
  2 quokkas
  5 ball pythons
  5 frilled lizards
  3 rats
52 creatures vanquished.

Notes
Turn   | Place    | Note
-------+----------+-------------------------------------------
     0 | D:1      | DemonSlayer the Demonspawn Earth Elementalist began the
                  | quest for the Orb.
     0 | D:1      | Reached XP level 1. HP: 13/13 MP: 3/3
    46 | D:1      | You fall into a shaft and drop 1 floor!
    59 | D:2      | Gained mutation: You have a somewhat thin skeletal
                  | structure. (Dex +2, Stealth+) [demonic ancestry]
    59 | D:2      | Reached XP level 2. HP: 8/19 MP: 0/5
   480 | D:2      | Reached XP level 3. HP: 24/24 MP: 4/7
   801 | D:2      | Found a runed translucent door.
   802 | D:2      | Noticed Crazy Yiuf
  1594 | D:1      | Found a faded altar of an unknown god.
  1906 | D:1      | Learned a level 2 spell: Passwall
  1910 | D:1      | Learned a level 3 spell: Stone Arrow
  1980 | D:3      | Gained mutation: You sometimes gain a little power by
                  | taking damage. [demonic ancestry]
  1980 | D:3      | Reached XP level 4. HP: 17/30 MP: 1/8
  2105 | D:3      | Found a shadowy altar of Dithmenos.
  2348 | D:3      | Noticed Ijyb
  2362 | D:3      | Slain by a worm

Illustrated notes

Levels and vault maps discovered:
D:1:      dpeg_arrival_connections, layout_basic,
          hellmonk_ecumenical_altar_arch_garden
D:2:      layout_rooms, uniq_crazy_yiuf_cottage
D:3:      layout_rooms, mainiacjoe_overflow_alcove_1, uniq_sigmund, uniq_ijyb

Skill      XL: |  1  2  3 |
---------------+----------+-----
Earth Magic    | 3 |  3.9
Spellcasting   | 3 |  3.5
Stealth        | 2 |  2.3
Dodging        | |  1.9
Transmutations | |  0.8

Action                   |  1- 3 |  4- 6 || total
-------------------------+-------+-------++-------
Melee: Unarmed           |     4 |       ||     4
       Punch             |     1 |       ||     1
       Dagger            |     6 |     3 ||     9
 Cast: Sandblast         |    57 |    30 ||    87
  Use: Potion            |     1 |       ||     1
 Stab: Sleeping          |     4 |       ||     4
Armor: Robe              |     7 |     2 ||     9
Dodge: Dodged            |    39 |    11 ||    50
